EL
CORPUS CHRISTI HOOKS @ BIRMINGHAM BARONS
08/03/2047
 
TOP OF THE 1ST
Corpus Christi Hooks batting - Pitching for Birmingham Barons : RHP Mario Napoles
Pitching: RHP Mario Napoles
Batting: RHB Sean Mounts 0-0: Called Strike
0-1: Ball
1-1: Ball
2-1: Swinging Strike
2-2: Foul Ball, location: 2F
2-2: Strikes out swinging
Batting: RHB Edgar Trejo 0-0: Ball
1-0: Swinging Strike
1-1: Ball
2-1: Foul Ball, location: 2F
2-2: Ball
3-2: Ground out 6-3 (Groundball, 56, EV 86.2 MPH)
Batting: RHB Bruce Bermudez 0-0: Called Strike
0-1: Swinging Strike
0-2: Ball
1-2: Ball
2-2: Strikes out swinging, 2-3 out at first.
Top of the 1st over - 0 runs, 0 hits, 0 errors, 0 left on base; Corpus Christi 0 - Birmingham 0
BOTTOM OF THE 1ST
Birmingham Barons batting - Pitching for Corpus Christi Hooks : RHP Andy Harrigan
Pitching: RHP Andy Harrigan
Batting: RHB Ron Johansen 0-0: Ball
1-0: Ball
2-0: Called Strike
2-1: Ball
3-1: Base on Balls
Batting: SHB Alfie Bungledorf 0-0: Fielders Choice at 2nd, 6-4 (Groundball, 6, EV 86.9 MPH)
Batting: LHB Jason Bell 0-0: Called Strike
0-1: Ball
Alfie Bungledorf steals 2nd base
1-1: Foul Ball, location: 2F
1-2: Strikes out swinging
Batting: RHB Fletcher Easter 0-0: Ground out U3 (Groundball, 13, EV 85.0 MPH)
Bottom of the 1st over - 0 runs, 0 hits, 0 errors, 1 left on base; Corpus Christi 0 - Birmingham 0
TOP OF THE 2ND
Corpus Christi Hooks batting - Pitching for Birmingham Barons : RHP Mario Napoles
Batting: LHB Josh Birkner 0-0: Ball
1-0: Called Strike
1-1: Foul Ball, location: 2F
1-2: Ball
2-2: Strikes out looking
Batting: RHB Nick Deegan 0-0: Called Strike
0-1: Ball
1-1: Ground out 4-3 (Groundball, 4, EV 103.8 MPH)
Batting: RHB Masaru Konno 0-0: Swinging Strike
0-1: DOUBLE (Flyball, 8RXD, EV 89.4 MPH)
Batting: RHB Juan Mendoza 0-0: 2-RUN HOME RUN (Flyball, 7D, EV 100.0 MPH), Distance : 377 ft
Batting: LHB Jackson Trottier 0-0: Called Strike
0-1: Foul Ball, location: 2F
0-2: Ball
1-2: SINGLE (Groundball, 6MD, EV 98.8 MPH)
Batting: RHB Ryan Salas 0-0: Ground out 5-3 (Groundball, 56S, EV 73.1 MPH)
Top of the 2nd over - 2 runs, 3 hits, 0 errors, 1 left on base; Corpus Christi 2 - Birmingham 0
BOTTOM OF THE 2ND
Birmingham Barons batting - Pitching for Corpus Christi Hooks : RHP Andy Harrigan
Batting: RHB Mike Savage 0-0: Ball
1-0: Foul Ball, location: 2F
1-1: Ball
2-1: Ball
3-1: DOUBLE (Line Drive, 7LS, EV 91.9 MPH)
Batting: RHB Matt McDevitt 0-0: Ball
1-0: Ball
2-0: Ground out 6-3 (Groundball, 56D, EV 83.1 MPH)
Batting: RHB Skyler Goss 0-0: Ball
1-0: Ball
2-0: Called Strike
2-1: Foul Ball, location: 2F
2-2: Fly out, F9 (Flyball, 89D, EV 80.6 MPH)
Batting: RHB Danny Heikkila 0-0: SINGLE (Flyball, 5D, EV 87.5 MPH)
Mike Savage to third
Runner from 3rd tries for Home, SAFE, throw by LF to home
Batting: SHB Matt Childers 0-0: Called Strike
0-1: Swinging Strike
0-2: Strikes out swinging
Bottom of the 2nd over - 1 run, 2 hits, 0 errors, 1 left on base; Corpus Christi 2 - Birmingham 1
TOP OF THE 3RD
Corpus Christi Hooks batting - Pitching for Birmingham Barons : RHP Mario Napoles
Batting: RHB Sean Mounts 0-0: Called Strike
0-1: Ball
1-1: Ball
2-1: Called Strike
2-2: Ball
3-2: Strikes out looking
Batting: RHB Edgar Trejo 0-0: Fly out, F8 (Flyball, 8LD, EV 105.0 MPH)
Batting: RHB Bruce Bermudez 0-0: Called Strike
0-1: Ground out 6-3 (Groundball, 6, EV 102.5 MPH)
Top of the 3rd over - 0 runs, 0 hits, 0 errors, 0 left on base; Corpus Christi 2 - Birmingham 1
BOTTOM OF THE 3RD
Birmingham Barons batting - Pitching for Corpus Christi Hooks : RHP Andy Harrigan
Batting: RHB Ron Johansen 0-0: Ball
1-0: Ball
2-0: Ball
3-0: Base on Balls
Batting: SHB Alfie Bungledorf 0-0: Ball
1-0: Foul Ball, location: 2F
1-1: Called Strike
1-2: Foul Ball, location: 2F
1-2: Foul Ball, location: 2F
1-2: SINGLE (Groundball, 15S, EV 68.8 MPH) (infield hit)
Ron Johansen to second
Batting: LHB Jason Bell 0-0: Ball
1-0: Swinging Strike
1-1: Ball
2-1: Fly out, F7 (Line Drive, 7LM, EV 91.9 MPH)
Batting: RHB Fletcher Easter 0-0: 3-RUN HOME RUN (Flyball, 7LD, EV 98.8 MPH), Distance : 362 ft
Batting: RHB Mike Savage 0-0: Ball
1-0: Ground out 4-3 (Groundball, 4MS, EV 85.6 MPH)
Batting: RHB Matt McDevitt 0-0: Called Strike
0-1: Foul Ball, location: 2F
0-2: Ball
1-2: DOUBLE (Line Drive, 78XD, EV 101.9 MPH)
Batting: RHB Skyler Goss 0-0: Ball
1-0: Foul Ball, location: 2F
1-1: Ball
2-1: Ball
3-1: Called Strike
3-2: Base on Balls
Batting: RHB Danny Heikkila 0-0: Called Strike
0-1: Ground out 4-3 (Groundball, 4, EV 102.5 MPH)
Bottom of the 3rd over - 3 runs, 3 hits, 0 errors, 2 left on base; Corpus Christi 2 - Birmingham 4
TOP OF THE 4TH
Corpus Christi Hooks batting - Pitching for Birmingham Barons : RHP Mario Napoles
Batting: LHB Josh Birkner 0-0: Ball
1-0: Foul Ball, location: 2F
1-1: Foul Ball, location: 2F
1-2: Foul Ball, location: 2F
1-2: Ball
2-2: Ball
3-2: Strikes out swinging
Batting: RHB Nick Deegan 0-0: Called Strike
0-1: Ball
1-1: Called Strike
1-2: Foul Ball, location: 2F
1-2: Ground out 6-3 (Groundball, 4M, EV 105.6 MPH)
Batting: RHB Masaru Konno 0-0: Ball
1-0: Foul Ball, location: 2F
1-1: Ball
2-1: Fly out, F5 (Line Drive, 5L, EV 66.9 MPH)
Top of the 4th over - 0 runs, 0 hits, 0 errors, 0 left on base; Corpus Christi 2 - Birmingham 4
BOTTOM OF THE 4TH
Birmingham Barons batting - Pitching for Corpus Christi Hooks : RHP Andy Harrigan
Batting: SHB Matt Childers 0-0: Foul Ball, location: 2F
0-1: Called Strike
0-2: Foul Ball, location: 2F
0-2: Ball
1-2: Foul Ball, location: 2F
1-2: Strikes out swinging
Batting: RHB Ron Johansen 0-0: Called Strike
0-1: Ball
1-1: Swinging Strike
1-2: TRIPLE (Flyball, 9D, EV 91.2 MPH)
Batting: SHB Alfie Bungledorf 0-0: Called Strike
0-1: Foul Ball, location: 2F
0-2: Ball
1-2: SINGLE (Groundball, 4D, EV 106.9 MPH)
Ron Johansen scores
Batting: LHB Jason Bell 0-0: Ball
1-0: Ball
Alfie Bungledorf steals 2nd base (no throw)
2-0: Swinging Strike
2-1: Foul Ball, location: 2F
2-2: SINGLE (Groundball, 3D, EV 97.5 MPH)
Alfie Bungledorf to third
Runner from 3rd tries for Home, SAFE, throw by RF to home
Pitching: LHP Mike Holloway
Batting: RHB Fletcher Easter 0-0: Called Strike
0-1: Foul Ball, location: 2F
0-2: DOUBLE (Line Drive, 78M, EV 96.2 MPH)
Jason Bell to third
Batting: RHB Mike Savage 0-0: Ball
1-0: Foul Ball, location: 2F
1-1: Ground out 4-3 (Groundball, 4, EV 84.4 MPH)
Jason Bell scores
Fletcher Easter to third
Batting: RHB Matt McDevitt 0-0: Foul Ball, location: 2F
0-1: Ball
1-1: Fly out, F7 (Flyball, 7D, EV 106.2 MPH)
Bottom of the 4th over - 3 runs, 4 hits, 0 errors, 1 left on base; Corpus Christi 2 - Birmingham 7
TOP OF THE 5TH
Corpus Christi Hooks batting - Pitching for Birmingham Barons : RHP Mario Napoles
Batting: RHB Juan Mendoza 0-0: Called Strike
0-1: Ball
1-1: Foul Ball, location: 2F
1-2: Ground out 6-3 (Groundball, 6, EV 98.8 MPH)
Batting: LHB Jackson Trottier 0-0: Called Strike
0-1: Ball
1-1: Swinging Strike
1-2: Foul Ball, location: 2F
1-2: DOUBLE (Groundball, 5L, EV 94.4 MPH)
Batting: RHB Ryan Salas 0-0: Fly out, F9 (Line Drive, 89M, EV 93.1 MPH)
Batting: RHB Sean Mounts 0-0: Foul Ball, location: 2F
0-1: Swinging Strike
0-2: Ball
1-2: Ground out 6-3 (Groundball, 56, EV 89.4 MPH)
Top of the 5th over - 0 runs, 1 hit, 0 errors, 1 left on base; Corpus Christi 2 - Birmingham 7
BOTTOM OF THE 5TH
Birmingham Barons batting - Pitching for Corpus Christi Hooks : LHP Mike Holloway
Batting: RHB Skyler Goss 0-0: Ball
1-0: SINGLE (Line Drive, 78S, EV 111.2 MPH)
Batting: RHB Danny Heikkila 0-0: Foul Ball, location: 2F
0-1: Ball
1-1: Ball
2-1: Foul Ball, location: 2F
2-2: Fly out, F6 (Popup, 6MD, EV 61.9 MPH)
Batting: SHB Matt Childers 0-0: Ball
1-0: Ball
2-0: Fly out, F8 (Line Drive, 78M, EV 93.1 MPH)
Batting: RHB Ron Johansen 0-0: Called Strike
0-1: Ball
1-1: Called Strike
1-2: Strikes out swinging
Bottom of the 5th over - 0 runs, 1 hit, 0 errors, 1 left on base; Corpus Christi 2 - Birmingham 7
TOP OF THE 6TH
Corpus Christi Hooks batting - Pitching for Birmingham Barons : RHP Mario Napoles
Batting: RHB Edgar Trejo 0-0: Ground out 3-1 (Groundball, 13, EV 91.9 MPH)
Batting: RHB Bruce Bermudez 0-0: Ball
1-0: Called Strike
1-1: Called Strike
1-2: Foul Ball, location: 2F
1-2: Foul Ball, location: 2F
1-2: Strikes out swinging
Batting: LHB Josh Birkner 0-0: Ball
1-0: Fly out, F7 (Flyball, 7, EV 89.4 MPH)
Top of the 6th over - 0 runs, 0 hits, 0 errors, 0 left on base; Corpus Christi 2 - Birmingham 7
BOTTOM OF THE 6TH
Birmingham Barons batting - Pitching for Corpus Christi Hooks : LHP Mike Holloway
Batting: SHB Alfie Bungledorf 0-0: Ball
1-0: Foul Ball, location: 2F
1-1: Ball
2-1: Swinging Strike
2-2: Ball
3-2: Base on Balls
Batting: LHB Jason Bell 0-0: Ball
1-0: Called Strike
1-1: Called Strike
1-2: Hit by Pitch
Alfie Bungledorf to second
Pitching: RHP Bill Garcia
Batting: RHB Fletcher Easter 0-0: Ball
1-0: Swinging Strike
1-1: Foul Ball, location: 2F
1-2: Ball
2-2: Strikes out swinging
Batting: RHB Mike Savage 0-0: Called Strike
0-1: Ball
1-1: DOUBLE (Groundball, 5L, EV 100.6 MPH)
Alfie Bungledorf scores
Jason Bell to third
Batting: RHB Matt McDevitt 0-0: Called Strike
0-1: Called Strike
0-2: Strikes out swinging
Batting: RHB Skyler Goss 0-0: Swinging Strike
0-1: Swinging Strike
0-2: Ball
1-2: Strikes out swinging
Bottom of the 6th over - 1 run, 1 hit, 0 errors, 2 left on base; Corpus Christi 2 - Birmingham 8
TOP OF THE 7TH
Corpus Christi Hooks batting - Pitching for Birmingham Barons : RHP Mario Napoles
Batting: RHB Nick Deegan 0-0: Ball
1-0: Ball
2-0: Ball
3-0: Called Strike
3-1: Base on Balls
Batting: RHB Masaru Konno 0-0: Called Strike
0-1: SINGLE (Line Drive, 4D, EV 96.9 MPH)
Nick Deegan to second
Batting: RHB Juan Mendoza 0-0: Ball
1-0: Ball
2-0: Grounds into double play, 6-4-3 (Groundball, 6S, EV 85.6 MPH)
Nick Deegan to third
Batting: LHB Jackson Trottier 0-0: Ball
1-0: Ground out 4-3 (Groundball, 4, EV 87.5 MPH)
Top of the 7th over - 0 runs, 1 hit, 0 errors, 1 left on base; Corpus Christi 2 - Birmingham 8
BOTTOM OF THE 7TH
Birmingham Barons batting - Pitching for Corpus Christi Hooks : RHP Bill Garcia
Batting: RHB Danny Heikkila 0-0: Swinging Strike
0-1: Called Strike
0-2: Ball
1-2: Ball
2-2: Ball
3-2: Fly out, F8 (Flyball, 8LM, EV 91.2 MPH)
Batting: SHB Matt Childers 0-0: Called Strike
0-1: Foul Ball, location: 2F
0-2: Foul Ball, location: 2F
0-2: Strikes out swinging
Batting: RHB Ron Johansen 0-0: Ball
1-0: Called Strike
1-1: Ground out 1-3 (Groundball, 25, EV 68.1 MPH)
Bottom of the 7th over - 0 runs, 0 hits, 0 errors, 0 left on base; Corpus Christi 2 - Birmingham 8
TOP OF THE 8TH
Corpus Christi Hooks batting - Pitching for Birmingham Barons : RHP Mario Napoles
Batting: RHB Ryan Salas 0-0: Ball
1-0: DOUBLE (Flyball, 8LXD, EV 98.1 MPH)
Batting: RHB Sean Mounts 0-0: Ball
1-0: Ball
2-0: Called Strike
2-1: DOUBLE (Flyball, 89D, EV 100.0 MPH)
Ryan Salas scores
Pitching: RHP Matt Constantino
Batting: RHB Edgar Trejo 0-0: Fly out, F5 (Popup, 6S, EV 85.0 MPH)
Batting: RHB Bruce Bermudez 0-0: Hit by Pitch
Batting: LHB Josh Birkner 0-0: Foul Ball, location: 2F
0-1: Foul Ball, location: 2F
0-2: Ball
1-2: Grounds into double play, 4-6-3 (Groundball, 4, EV 102.5 MPH)
Top of the 8th over - 1 run, 2 hits, 0 errors, 1 left on base; Corpus Christi 3 - Birmingham 8
BOTTOM OF THE 8TH
Birmingham Barons batting - Pitching for Corpus Christi Hooks : RHP Bill Garcia
Batting: SHB Alfie Bungledorf 0-0: Ball
1-0: Foul Ball, location: 2F
1-1: Foul Ball, location: 2F
1-2: Foul Ball, location: 2F
1-2: Strikes out swinging
Batting: LHB Jason Bell 0-0: Ball
1-0: Ball
2-0: Ground out 6-3 (Groundball, P, EV 90.6 MPH)
Batting: RHB Fletcher Easter 0-0: Fly out, F4 (Popup, 3D, EV 47.5 MPH)
Bottom of the 8th over - 0 runs, 0 hits, 0 errors, 0 left on base; Corpus Christi 3 - Birmingham 8
TOP OF THE 9TH
Corpus Christi Hooks batting - Pitching for Birmingham Barons : RHP Matt Constantino
Batting: RHB Nick Deegan 0-0: Foul Ball, location: 2F
0-1: Called Strike
0-2: Foul Ball, location: 2F
0-2: Fly out, F7 (Line Drive, 7LM, EV 85.0 MPH)
Batting: RHB Masaru Konno 0-0: Hit by Pitch
Batting: RHB Juan Mendoza 0-0: Swinging Strike
0-1: Ball
1-1: Swinging Strike
1-2: Strikes out swinging
Batting: LHB Jackson Trottier 0-0: Fly out, F5 (Popup, 5SF, EV 69.4 MPH)
Top of the 9th over - 0 runs, 0 hits, 0 errors, 1 left on base; Corpus Christi 3 - Birmingham 8
Thursday, December 15th , 2022 - OOTP Baseball 23.9 Build 102